 Dungeon Crawl Stone Soup version 0.26.1-2-gb8aa6d0cf2 (webtiles) character file.

Game seed: 16502920068053552597

20 Groucho the Sneak (level 2, -3/13 HPs)
             Began as a Spriggan Enchanter on Feb 24, 2021.
             Slain by an ooze (5 damage)
             ... on level 1 of the Dungeon.
             The game lasted 00:03:43 (2058 turns).

Groucho the Sneak (Spriggan Enchanter)              Turns: 2058, Time: 00:03:44

Health: -3/13      AC:  2    Str:  4    XL:     2   Next: 58%
Magic:  6/6        EV: 18    Int: 16    God:
Gold:   17         SH:  0    Dex: 16    Spells: 3/6 levels left

rFire    . . .     SeeInvis +   a - +1 dagger
rCold    . . .     Faith    .   (shield restricted)
rNeg     . . .     Spirit   .   b - +0 robe
rPois    .         Reflect  .   (helmet restricted)
rElec    .         Harm     .   (no cloak)
rCorr    .         Rampage  .   (gloves unavailable)
Will     .....                  (boots unavailable)
Stlth    +++.......             (no amulet)
HPRegen  0.04/turn              (no ring)
MPRegen  0.10/turn              (no ring)

@: very quick
A: very small, unfitting armour, see invisible, speed 3
a: no special abilities


You were on level 1 of the Dungeon.
You visited 1 branch of the dungeon, and saw 2 of its levels.

You collected 17 gold pieces.

Inventory:

Hand Weapons
 a - a +1 dagger (weapon)
Missiles
 g - 6 poisoned darts (quivered)
Armour
 b - a +0 robe (worn)
Scrolls
 c - a scroll of identify {unknown}
 d - a scroll of amnesia {unknown}
 e - a scroll of teleportation {unknown}
Potions
 f - a potion of lignification {unknown}


   Skills:
 - Level 1.1 Short Blades
 - Level 3.0 Dodging
 * Level 6.1 Stealth
 - Level 2.6 Spellcasting
 - Level 3.6 Hexes


You had 3 spell levels left.
You knew the following spells:

 Your Spells              Type           Power        Failure   Level
a - Corona                Hex            14%          4%          1
b - Ensorcelled Hibernat  Hex/Ice        14%          14%         2

Your spell library contained the following spells:

 Spells                   Type           Power        Failure   Level
 Confusing Touch          Hex            13%          13%         3
 Tukima's Dance           Hex            13%          13%         3
 Dazzling Flash           Conj/Hex       14%          28%         3


Dungeon Overview and Level Annotations

Branches:
Dungeon (2/15)

Altars:
Vehumet


Innate Abilities, Weirdness & Mutations

You are very small and have problems with some larger weapons.
You are too small for most types of armour.
You have supernaturally acute eyesight. (SInv)
You cover ground extremely quickly.


Message History

The giant cockroach is moderately wounded.
The jackal barely misses you. The giant cockroach misses you.
You hit the giant cockroach but do no damage.
The giant cockroach is moderately wounded.
The jackal completely misses you. The ooze closely misses you.
The giant cockroach bites you but does no damage.
You hit the giant cockroach.
The giant cockroach is heavily wounded.
The jackal closely misses you. The giant cockroach misses you.
The ooze hits you. The jackal barely misses you.
You barely miss the giant cockroach.
The giant cockroach is heavily wounded.
The giant cockroach closely misses you. The jackal closely misses you.
The ooze hits you but does no damage.
You hit the giant cockroach.
The giant cockroach is severely wounded.
The giant cockroach bites you. The jackal bites you.
* * * LOW HITPOINT WARNING * * *
The ooze hits you.
You die...

.......(### #..(#### #....#≈..88.
.##.......# ####...###....#≈.....
..#.......# #......#....#≈.....
..#.......#####......#....#≈.....
.....................#....#8.....
##...................#(...####''#
#..........(........#...........
##.............J.....)..#...#####
...J....†......h@B......#........
......####.......#...........#...
...#### #.......#..............#
...# ###....................#
...# #....................# ...#
###.......#..........# ...#
#.......#........>.# ####
#####...#...###...## #########
#...'.


You could see an ooze, a jackal and a giant cockroach.

Vanquished Creatures
  A worm (D:2)
  2 bats
  A goblin (D:1)
  3 hobgoblins (D:1)
  2 jackals (D:1)
  A frilled lizard (D:2)
  3 kobolds (D:1)
  4 rats
17 creatures vanquished.

Notes
Turn   | Place    | Note
-------+----------+-------------------------------------------
     0 | D:1      | Groucho the Spriggan Enchanter began the quest for the Orb.
     0 | D:1      | Reached XP level 1. HP: 9/9 MP: 5/5
   661 | D:1      | Reached skill level 5 in Stealth
   710 | D:2      | Found a radiant altar of Vehumet.
   724 | D:1      | Reached XP level 2. HP: 8/13 MP: 6/6
  1468 | D:2      | Noticed a +0 hand axe
  1468 | D:2      | Noticed a +0 hand axe
  1512 | D:1      | Learned a level 2 spell: Ensorcelled Hibernation
  1780 | D:1      | Reached skill level 6 in Stealth
  2058 | D:1      | Slain by an ooze

Illustrated notes

Levels and vault maps discovered:
D:1:      lightli_arrival_noodles, layout_basic, minmay_crystal_water
D:2:      layout_rooms, dancing_weapons_uskayaw, fiery_altar_vehumet,
          nicolae_qazlal_style_of_elements, lemuel_crystal_altar

Skill      XL: |  1  2 |
---------------+-------+-----
Stealth        | 5 6 |  6.1
Short Blades   | |  1.1
Dodging        | |  3.0
Spellcasting   | |  2.6
Hexes          | |  3.6

Action                   || total
-------------------------++-------
Melee: Dagger            ||    78
Throw: Dart              ||    24
 Cast: Corona            ||     1
 Stab: Sleeping          ||     3
Armor: Robe              ||    11
Dodge: Dodged            ||   110
